 Dungeon Sprint DCSS version 0.19.5 (webtiles) character file.

14 equalderp2856 the Chiller (level 2, -6/15 HPs)
             Began as a Deep Elf Ice Elementalist on Apr 2, 2017.
             Was an Initiate of Gozag.
             Mangled by a fire bat (7 damage)
             ... in the Dungeon (Sprint VII: "The Pits").
             The game lasted 00:01:21 (670 turns).

equalderp2856 the Chiller (DEIE)                     Turns: 670, Time: 00:01:22

Health: -6/15      AC:  2    Str:  5    XL:     2   Next: 27%
Magic:  8/9        EV: 13    Int: 19    God:    Gozag
Gold:   207        SH:  0    Dex: 15    Spells: 2 memorised, 6 levels left

rFire  . . .     SeeInvis .     (no weapon)
rCold  . . .     Gourm    .     a - +0 robe
rNeg   . . .     Faith    .     (no shield)
rPois  .         Spirit   .     (no helmet)
rElec  .         Reflect  .     (no cloak)
rCorr  .         Harm     .     (no gloves)
MR     .....     NoTele   +     (no boots)
Stlth  ++........               (no amulet)
                                (no ring)
                                (no ring)

@: no status effects
A: no striking features
a: Potion Petition, Call Merchant, Bribe Branch, Renounce Religion


You were in the Dungeon.
You worshipped Gozag.
Gozag was aware of your devotion.
You were not hungry.

You visited 1 branch You collected 207 gold pieces.

Inventory:

Hand Weapons
 d - a +2 dagger
 e - a +2 quarterstaff
 j - a +2 trident
 k - a +2 mace
 l - a +2 hand axe
 m - a +2 falchion
Missiles
 u - 10 stones (quivered)
Armour
 a - a +0 robe (worn)
Magical Staves
 v - an uncursed staff of energy
Scrolls
 i - a scroll of blinking
 o - 3 scrolls of remove curse
 p - 5 scrolls of amnesia
 q - a scroll of summoning
 t - 2 scrolls of vulnerability
Potions
 f - a potion of haste
 g - 4 potions of magic
 h - 3 potions of berserk rage
 n - 2 potions of invisibility
Books
 b - a book of Frost

   Spells                             Type                      Level
   a - Freeze                         Ice                          1
   b - Throw Frost                    Conjuration/Ice              2
   c - Ozocubu's Armour               Charms/Ice                   3
   d - Throw Icicle                   Conjuration/Ice              4
   e - Summon Ice Beast               Ice/Summoning                4
Comestibles
 c - 8 bread rations
 r - 40 fruits
 s - 7 meat rations


   Skills:
 + Level 3.2 Dodging
 + Level 2.9 Stealth
 + Level 4.0 Spellcasting
 + Level 1.1 Conjurations
 + Level 5.2 Ice Magic


You had 6 spell levels left.
You knew the following spells:

 Your Spells              Type           Power        Failure   Level  Hunger
a - Freeze                Ice            ###.         1%          1    None
b - Throw Frost           Conj/Ice       ###...       8%          2    ##.....


Dungeon Overview and Level Annotations

Branches:
Dungeon (1/1)

Altars:
Ashenzari
Cheibriados
Dithmenos
Elyvilon
Fedhas
Gozag
Hepliaklqana
Kikubaaqudgha
Makhleb
Nemelex Xobeh
Okawaru
Qazlal
Ru
Sif Muna
Trog
Uskayaw
Vehumet
Xom
Yredelemnul
Zin
The Shining One
Beogh
Jiyva
Lugonu


Message History

You start resting.
Magic restored.
You start resting.
HP restored.
Memorise Throw Frost, consuming 2 spell levels and leaving 6?
You start memorising the spell.
You continue memorising. x2
You finish memorising.
Spell assigned to 'b'.
You resume training Conjurations.
You open the door. The fire bat bites you.
You are engulfed in flames!
Casting: Freeze
Confirm with . or Enter, or press ? or * to list all spells.
Aiming: Freeze
Press: ? - help, Shift-Dir - straight line, f/p - fire bat
Aim: a fire bat You freeze the fire bat.
The fire bat is frozen!
The fire bat is heavily wounded.
The fire bat bites you.
* * * LOW HITPOINT WARNING * * *
You are engulfed in flames!
You die...
Your body crumbles into a pile of gold.

######...#.##...........
#....'...'.##......#..#.
##########.##...........
#...........'...........
#+#####'#####......#..#.
#.....##...........
#####'#####'#####++
#.....##.......#
#..@..##.......#
###b####.......#
#...$.##...<...#
........##.......#
#..l....r##.......#
###########.......#
#########


You could see a fire bat, a leopard gecko (sleeping) and a rat (sleeping).

Vanquished Creatures
  A river rat (D)
  A bat (D)
  A frilled lizard (D)
  3 rats (D)
6 creatures vanquished.

Notes
Turn   | Place    | Note
-------+----------+-------------------------------------------
     0 | D        | equalderp2856 the Deep Elf Ice Elementalist began the quest for the Orb.
     0 | D        | Reached XP level 1. HP: 10/10 MP: 6/6
    17 | D        | Reached skill level 4 in Ice Magic
    17 | D        | Reached XP level 2. HP: 15/15 MP: 4/8
    24 | D        | Found a radiant altar of Vehumet.
    24 | D        | Found a hide-covered altar of Uskayaw.
    24 | D        | Found an ancient bone altar of Kikubaaqudgha.
    24 | D        | Found a viscous altar of Jiyva.
    24 | D        | Found a hazy altar of Hepliaklqana.
    25 | D        | Found a bloodstained altar of Trog.
    25 | D        | Found a deep blue altar of Sif Muna.
    25 | D        | Found a sacrificial altar of Ru.
    25 | D        | Found a stormy altar of Qazlal.
    25 | D        | Found an iron altar of Okawaru.
    25 | D        | Found a sparkling altar of Nemelex Xobeh.
    25 | D        | Found an opulent altar of Gozag.
    25 | D        | Found a blossoming altar of Fedhas.
    25 | D        | Found a white marble altar of Elyvilon.
    25 | D        | Found a shadowy altar of Dithmenos.
    25 | D        | Found a snail-covered altar of Cheibriados.
    26 | D        | Found a glowing golden altar of the Shining One.
    26 | D        | Found a glowing silver altar of Zin.
    27 | D        | Found a burning altar of Makhleb.
    27 | D        | Found a basalt altar of Yredelemnul.
    27 | D        | Found a roughly hewn altar of Beogh.
    28 | D        | Found a corrupted altar of Lugonu.
    28 | D        | Found a shimmering altar of Xom.
    28 | D        | Found a shattered altar of Ashenzari.
    31 | D        | Became a worshipper of Gozag Ym Sagoz the Greedy
   189 | D        | Reached skill level 5 in Ice Magic
   207 | D        | Noticed a fire bat
   667 | D        | Learned a level 2 spell: Throw Frost
   670 | D        | Mangled by a fire bat

Skill      XL: |  1  2 |
---------------+-------+-----
Dodging        | 3 |  3.2
Ice Magic      | 4 5 |  5.2
Spellcasting   | 4 |  4.0
Stealth        | |  2.9
Conjurations   | |  1.1

Action                   || total
-------------------------++-------
Melee: Unarmed           ||    12
 Cast: Freeze            ||    10
  Use: Potion            ||     2
 Stab: Sleeping          ||     2
Armor: Robe              ||     4
Dodge: Dodged            ||    14
